 Dungeon Crawl Stone Soup version 0.28-a0-909-g796cbd3a86 (webtiles) character file.

Game seed: 11326464010857006958

1726 Goblin1989 the Cleaver (level 9, -5/66 HPs)
             Began as a Formicid Fighter on Nov 24, 2021.
             Was an Initiate of Gozag.
             Slain by a gnoll sergeant (9 damage)
             ... on level 6 of the Dungeon.
             The game lasted 00:12:36 (6620 turns).

Goblin1989 the Cleaver (Formicid Fighter)           Turns: 6620, Time: 00:12:37

Health: -5/66      AC:  9    Str: 24    XL:     9   Next: 25%
Magic:  0/9        EV:  8    Int:  8    God:    Gozag
Gold:   263        SH:  4    Dex: 10    Spells: 8/8 levels left

rFire   . . .      SeeInvis +   b - +0 broad axe
rCold   + . .      Faith    .   r - +0 buckler
rNeg    . . .      Spirit   +   P - +0 chain mail
rPois   .          Reflect  .   (helmet unavailable)
rElec   .          Harm     .   (no cloak)
rCorr   +          Rampage  .   (no gloves)
Will    .....                   (no boots)
Stlth   ..........              e - amulet of guardian spirit
HPRegen 0.21/turn               c - ring of protection from cold
MPRegen 0.11/turn               g - ring of resist corrosion

@: no status effects
A: permanent stasis, dig shafts and tunnels, antennae 3, four strong arms
a: Dig, Shaft Self, Renounce Religion, Potion Petition, Call Merchant, Bribe
Branch


You were on level 6 of the Dungeon.
You worshipped Gozag.
Gozag was aware of your devotion.
You visited 2 branches of the dungeon, and saw 7 of its levels.
You also visited: Ossuary.

You collected 362 gold pieces.
You paid 99 gold pieces to Gozag.

Inventory:

Hand Weapons
 a - a +0 war axe
 b - a +0 broad axe (weapon)
 u - a +1 trident of flaming
Missiles
 s - 55 bolts
Armour
 r - a +0 buckler (worn)
 N - a +0 pair of gloves
 P - a +0 chain mail (worn)
Jewellery
 c - a ring of protection from cold (left hand)
 e - an amulet of guardian spirit (around neck)
 f - a ring of protection from fire
 g - a ring of resist corrosion (right hand)
Wands
 m - a wand of mindburst (26)
 T - a wand of flame (14) {@v6}
 Z - a wand of acid (4) {@v2}
Scrolls
 O - a scroll of enchant weapon {unknown}
 Q - a scroll of fear {unknown}
 R - a scroll of identify {@r1}
Potions
 d - a potion of might {@q4}
 k - a potion of cancellation
 l - 2 potions of brilliance
 p - 3 potions of invisibility
 S - a potion of degeneration {unknown}
 U - 5 potions of curing {@q1}
 V - 2 potions of heal wounds {@q2}
 W - a potion of lignification
 X - a potion of resistance {unknown}
 Y - a potion of magic {unknown}


   Skills:
 + Level 4.5 Fighting
 * Level 10.0 Axes
 + Level 4.5 Armour
 + Level 2.3 Dodging
 - Level 3.6 Shields
 + Level 2.2 Evocations


You had 8 spell levels left.
You didn't know any spells.
Your spell library contained the following spells:

 Spells                   Type           Power      Damage    Failure   Level
 Animate Skeleton         Necr           0%         N/A       97%         1
 Pain                     Necr           0%         1d4       97%         1
 Shock                    Conj/Air       0%         1d3       97%         1
 Ensorcelled Hibernation  Hex/Ice        0%         N/A       99%         2
 Passwall                 Tmut/Erth      0%         N/A       99%         2
 Conjure Flame            Conj/Fire      0%         6-21      100%        3
 Ignite Poison            Fire/Tmut/Pois 0%         N/A       100%        3
 Mephitic Cloud           Conj/Pois/Air  0%         N/A       100%        3
 Ozocubu's Armour         Ice            0%         N/A       100%        3
 Vampiric Draining        Necr           0%         2d6       100%        3
 Airstrike                Air            0%         N/A       100%        4
 Ice Form                 Ice/Tmut       0%         N/A       100%        4
 Sticky Flame             Conj/Fire      0%         2d3       100%        4
 Freezing Cloud           Conj/Ice/Air   0%         6-21      100%        5
 Lightning Bolt           Conj/Air       0%         1d11      100%        5
 Conjure Ball Lightning   Conj/Air       0%         3x3d6     100%        6
 Starburst                Conj/Fire      0%         6d3       100%        6
 Swiftness                Air            Unusable   N/A       N/A         3

Dungeon Overview and Level Annotations

Branches:
Dungeon (6/15)             Temple (1/1) D:6         Ossuary (visited)

Altars:
Ashenzari
Cheibriados
Dithmenos
Elyvilon
Fedhas
Gozag
Hepliaklqana
Kikubaaqudgha
Makhleb
Nemelex Xobeh
Okawaru
Ru
Sif Muna
Trog
Vehumet
Wu Jian
Xom
Yredelemnul
Zin
The Shining One

Shops:
D:2 =

Annotations:
D:5 1 runed translucent door, Crazy Yiuf


Innate Abilities, Weirdness & Mutations

You cannot be hasted, slowed, berserked, paralysed or teleported.
You can dig through walls and to a lower floor.
You have a pair of large antennae on your head. (SInv)
Your four strong arms can wield two-handed weapons with a shield.


Message History

You can access your shopping list by pressing '$'.
You now have 263 gold pieces (gained 5).
You see here a +2 flail of protection.
There is a stone staircase leading down here.
You start resting.
Magic restored.
HP restored.
Health restored: 66; MP restored: 9
There is a stone staircase leading down here.
You climb downwards.
The gnoll hits you but does no damage. x2
There is a stone staircase leading up, spattered with blood here.
Unknown command.
Unknown command.
You hit the gnoll.
The gnoll is heavily wounded.
The gnoll hits you with a +0 whip.
You take 4 damage, and have 62/66 hp.
You slice the gnoll!!
You kill the gnoll!
The gnoll barely misses you. The gnoll hits you with a +0 halberd!
You see here a +0 short sword of holy wrath.
You take 9 damage, and have 53/66 hp.
You now have 7/9 mp.
You hit the gnoll but do no damage. The gnoll hits you but does no damage.
You slash the gnoll!
You kill the gnoll!
You block the gnoll sergeant's attack.
You slash the gnoll sergeant!
The gnoll sergeant is moderately wounded.
The gnoll sergeant hits you with a +0 trident!
You take 6 damage, and have 48/66 hp.
You now have 6/9 mp.
You barely miss the gnoll sergeant.
The gnoll sergeant is moderately wounded.
The gnoll sergeant closely misses you.
You hit the gnoll sergeant.
The gnoll sergeant is moderately wounded.
The gnoll sergeant hits you with a +0 trident!
You take 8 damage, and have 41/66 hp.
You closely miss the gnoll sergeant.
The gnoll sergeant is moderately wounded.
The gnoll sergeant hits you but does no damage.
You hit the gnoll sergeant but do no damage.
The gnoll sergeant is moderately wounded.
The gnoll sergeant hits you with a +0 trident!
You take 9 damage, and have 32/66 hp.
You now have 6/9 mp.
You are too injured to fight recklessly!
You are too injured to fight recklessly!
You are too injured to fight recklessly!
You are too injured to fight recklessly!
You are too injured to fight recklessly!
You are too injured to fight recklessly!
You are too injured to fight recklessly!
You are too injured to fight recklessly!
You are too injured to fight recklessly!
You are too injured to fight recklessly!
You are too injured to fight recklessly!
You are too injured to fight recklessly!
You are too injured to fight recklessly!
You are too injured to fight recklessly!
You are too injured to fight recklessly!
You are too injured to fight recklessly!
You are too injured to fight recklessly!
You are too injured to fight recklessly!
You are too injured to fight recklessly!
You are too injured to fight recklessly!
You are too injured to fight recklessly!
You barely miss the gnoll sergeant.
The gnoll sergeant is moderately wounded.
The gnoll sergeant hits you with a +0 trident!
* * * LOW HITPOINT WARNING * * *
You take 7 damage, and have 25/66 hp.
You now have 5/9 mp.
You closely miss the gnoll sergeant.
The gnoll sergeant is moderately wounded.
The gnoll sergeant hits you with a +0 trident!
* * * LOW HITPOINT WARNING * * *
You take 8 damage, and have 17/66 hp.
You now have 3/9 mp.
You closely miss the gnoll sergeant.
The gnoll sergeant is moderately wounded.
The gnoll sergeant hits you with a +0 trident.
* * * LOW HITPOINT WARNING * * *
You take 5 damage, and have 12/66 hp.
You now have 2/9 mp.
You slash the gnoll sergeant!
The gnoll sergeant is severely wounded.
The gnoll sergeant completely misses you.
The gnoll sergeant hits you but does no damage.
You hit the gnoll sergeant.
The gnoll sergeant is almost dead.
The gnoll sergeant hits you with a +0 trident.
* * * LOW HITPOINT WARNING * * *
You take 5 damage, and have 7/66 hp.
You closely miss the gnoll sergeant.
The gnoll sergeant is almost dead.
The gnoll sergeant hits you with a +0 trident.
* * * LOW HITPOINT WARNING * * *
You take 3 damage, and have 4/66 hp.
You now have 0/9 mp.
You barely miss the gnoll sergeant.
The gnoll sergeant is almost dead.
The gnoll sergeant hits you with a +0 trident!
You die...
Your body crumbles into a pile of gold.

█.....█...██
█.......█████ {
███..........
██...........
████............
█...............
█........$......
██......$.$......
██......).@g>....>
█....$............
..██..<$..........
█..............:
█..██...........
█..█ ████........
█..█ ..██....█
...█ ██.


█████ ███ ██ You could see a gnoll sergeant.

Vanquished Creatures
  Prince Ribbit (D:5)
  Eustachio (D:5)
  Menkaure (D:4)
  A sky beast (D:5)
  A black bear (D:5)
  An ogre (D:5)
  A scorpion (D:3)
  3 water moccasin zombies (Ossuary)
  2 centaur zombies (D:5)
  2 hounds (D:5)
  A jelly (D:6)
  An orc priest (D:6)
  2 bullfrog skeletons
  An iguana (D:5)
  2 centaur skeletons
  6 orc wizards
  A scorpion zombie (D:5)
  2 mummies (Ossuary)
  A howler monkey zombie (D:4)
  5 gnolls
  5 adders
  A white imp (D:5)
  An ufetubus (D:6)
  4 adder zombies (Ossuary)
  5 dart slugs
  17 orcs
  9 ball pythons
  12 endoplasms
  A giant cockroach (D:3)
  4 gnoll zombies (Ossuary)
  5 goblins
  8 hobgoblins
  11 jackals
  4 kobolds
  2 quokkas
  4 bats
  3 frilled lizards
  5 hobgoblin zombies (Ossuary)
  5 kobold zombies (Ossuary)
  4 orc zombies (Ossuary)
  4 rats
150 creatures vanquished.

Notes
Turn   | Place    | Note
-------+----------+-------------------------------------------
     0 | D:1      | Goblin1989 the Formicid Fighter began the quest for the
                  | Orb.
     0 | D:1      | Reached XP level 1. HP: 18/18 MP: 1/1
    60 | D:1      | Found a faded altar of an unknown god.
   318 | D:1      | Reached XP level 2. HP: 24/24 MP: 2/2
   350 | D:1      | Reached skill level 3 in Axes
   527 | D:1      | Reached XP level 3. HP: 29/29 MP: 3/3
   570 | D:1      | Got the Papyrus of Weightlessness and Snow
   946 | D:2      | Found Hezux's Jewellery Boutique.
  1183 | D:2      | Reached skill level 4 in Axes
  1183 | D:2      | Reached XP level 4. HP: 35/35 MP: 4/4
  1845 | D:3      | Noticed a scorpion
  1858 | D:3      | Killed a scorpion
  1859 | D:3      | Reached skill level 5 in Axes
  1859 | D:3      | Reached XP level 5. HP: 21/41 MP: 2/5
  2478 | D:4      | Noticed Menkaure
  2481 | D:4      | Killed Menkaure
  2482 | D:4      | Reached skill level 6 in Axes
  2482 | D:4      | Reached XP level 6. HP: 21/47 MP: 2/6
  3172 | D:3      | Reached XP level 7. HP: 17/52 MP: 4/7
  3483 | D:4      | Reached skill level 7 in Axes
  3927 | D:5      | Entered Level 5 of the Dungeon
  4067 | D:5      | Noticed Prince Ribbit
  4083 | D:5      | Killed Prince Ribbit
  4084 | D:5      | Reached skill level 8 in Axes
  4084 | D:5      | Reached XP level 8. HP: 49/58 MP: 4/8
  4110 | D:5      | Reached skill level 9 in Axes
  4180 | D:5      | Found a sand-covered staircase.
  4186 | Ossuary  | Entered an ossuary
  4483 | Ossuary  | Reached skill level 1 in Dodging
  4862 | D:5      | Reached skill level 1 in Evocations
  5047 | D:5      | Got Sif Muna's Collected Works on Entrancing Fire
  5143 | D:5      | Found a runed translucent door.
  5144 | D:5      | Noticed Crazy Yiuf
  5273 | D:5      | Noticed Eustachio
  5297 | D:5      | Killed Eustachio
  5298 | D:5      | Reached XP level 9. HP: 53/65 MP: 4/9
  5466 | D:6      | Found a staircase to the Ecumenical Temple.
  5472 | Temple   | Entered the Ecumenical Temple
  5825 | Temple   | Became a worshipper of Gozag Ym Sagoz the Greedy
  6293 | D:6      | Reached skill level 10 in Axes
  6620 | D:6      | Slain by a gnoll sergeant

Illustrated notes

Levels and vault maps discovered:
D:1:      dpeg_arrival_stone_temple_mockup, layout_rooms,
          dreamdust_ecumenical_altar_grove, minmay_misc_feat_secret_circle,
          minivault_4, nicolae_figureground_sparkle
D:2:      layout_basic, serial_shops, shop, minmay_box_of_dots
D:3:      layout_basic
D:4:      layout_loops_ring, amethyst_killhole, uniq_menkaure
D:5:      layout_loops_ring, enter_ossuary_2, minmay_fractal_squares_5,
          uniq_prince_ribbit1, uniq_crazy_yiuf_cottage, uniq_eustachio
D:6:      layout_layer_cave, temple_green
Temple:   mainiacjoe_temple_trianglar_array

Skill      XL: |  1  2  3  4  5  6  7  8  9 |
---------------+----------------------------+-----
Axes           | 3 4 5 6 8 9 10 | 10.0
Dodging        | 1 2 |  2.3
Fighting       | 4 |  4.5
Armour         | 4 |  4.5
Evocations     | 1 2 |  2.2
Shields        | |  3.6

Action                   |  1- 3 |  4- 6 |  7- 9 || total
-------------------------+-------+-------+-------++-------
Melee: War axe           |    87 |   126 |   196 ||   409
       Broad axe         |       |       |    70 ||    70
 Abil: Dig               |       |     2 |     3 ||     5
  Use: Scroll            |       |       |    12 ||    12
       Potion            |       |       |     2 ||     2
Armor: Scale mail        |    45 |    41 |    71 ||   157
       Chain mail        |       |       |    32 ||    32
Dodge: Dodged            |    50 |    33 |   110 ||   193
Block: Buckler           |    27 |    22 |    54 ||   103

Table legend: (Time is in decaauts)
 A = Elapsed time spent in this place.
 B = Non-inter-level travel time spent in this place.
 C = Inter-level travel time spent in this place.
 D = Time resting spent in this place.
 E = Time spent auto-exploring this place.
 F = Levels seen in this place.
 G = Mean time per level.
                   A        B        C        D        E       F      G
               +--------+--------+--------+--------+--------+-----+--------+
         Total |   6705 |   6441 |    264 |   1429 |   3801 |   8 |  838.1 |
       Dungeon |   5840 |   5589 |    251 |   1153 |   3391 |   6 |  973.3 |
        Temple |    366 |    353 |     13 |      0 |    343 |   1 |  366.0 |
       Ossuary |    498 |    498 |      0 |    276 |     67 |   1 |  498.0 |
               +--------+--------+--------+--------+--------+-----+--------+

Top non-repeatable levels by time:
     D:3: 1499 daAuts
     D:5: 1299 daAuts
     D:4: 956 daAuts
     D:1: 837 daAuts
     D:2: 749 daAuts
 Ossuary: 498 daAuts
     D:6: 498 daAuts
  Temple: 366 daAuts
